 Dungeon Crawl Stone Soup version 0.27-a0-328-g7f782ed93a (webtiles) character file.

Game seed: 8242936689555327205

337 Murumi the Skirmisher (level 6, -1/62 HPs)
             Began as an Ogre Fighter on Feb 11, 2021.
             Slain by a hound (6 damage)
             ... on level 4 of the Dungeon.
             The game lasted 00:12:36 (4671 turns).

Murumi the Skirmisher (Ogre Fighter)                Turns: 4671, Time: 00:12:37

Health: -1/62      AC:  4    Str: 19    XL:     6   Next: 54%
Magic:  6/6        EV:  8    Int: 11    God:
Gold:   326        SH:  9    Dex: 10    Spells: 5/5 levels left

rFire    . . .     SeeInvis .   f - +1 whip
rCold    . . .     Faith    .   c - +1 kite shield
rNeg     . . .     Spirit   .   b - +0 robe
rPois    +         Reflect  .   (helmet restricted)
rElec    .         Harm     .   r - +0 cloak
rCorr    .         Rampage  .   (gloves unavailable)
Will     .....                  (boots unavailable)
Stlth    ++........             (no amulet)
HPRegen  0.20/turn              h - ring of poison resistance
MPRegen  0.10/turn              (no ring)

@: no status effects
A: large, unfitting armour, agile 1, tough skin 1, weak 1
a: no special abilities


You were on level 4 of the Dungeon.
You visited 1 branch of the dungeon, and saw 5 of its levels.

You collected 326 gold pieces.

Inventory:

Hand Weapons
 a - a +0 flail
 f - a +1 whip (weapon)
Missiles
 g - 155 stones (quivered)
 k - 4 curare-tipped darts
 t - 12 poisoned darts
Armour
 b - a +0 robe (worn)
 c - a +1 kite shield (worn)
 r - a +0 cloak (worn)
Jewellery
 h - a ring of poison resistance (left hand)
Scrolls
 i - 2 scrolls of enchant armour
 p - a scroll of blinking
 q - a scroll of teleportation
 u - a scroll of fear
Potions
 d - a potion of might
 e - 5 potions of curing
 j - 2 potions of lignification
 l - a potion of ambrosia {unknown}
 m - a potion of mutation
 n - a potion of cancellation {unknown}
 o - a potion of magic {unknown}
 s - 2 potions of flight {unknown}


   Skills:
 - Level 4.0 Fighting
 - Level 4.0 Maces & Flails
 - Level 3.0 Dodging
 - Level 3.0 Stealth
 + Level 3.8 Shields


You had 5 spell levels left.
You didn't know any spells.
Your spell library was empty.

Dungeon Overview and Level Annotations

Branches:
Dungeon (5/15)
 Temple: D:4-7

Altars:
Dithmenos
Elyvilon
Fedhas

Portals:
Abyss: D:4

Annotations:
D:4 2 transporters, Soborki's ghost, amateur MiBe


Innate Abilities, Weirdness & Mutations

You are too large for most types of armour.
You have tough skin. (AC +1)
You are agile. (Dex +2)
You are weak. (Str -2)


Message History

You hit the orc.
You kill the orc!
You block the hound's attack. The orc priest barely misses you.
The hound bites you. You block the hound's attack.
The orc priest hits you with a +0 mace.
Things that are here:
a +0 flail; an orc corpse The hound bites you but does no damage.
You block the hound's attack.
You are too injured to fight recklessly!
You hit the hound.
The hound is lightly wounded.
You block the hound's attack. x2
You closely miss the hound.
The hound is lightly wounded.
The hound bites you but does no damage.
The orc priest miscasts a cantrip.
You hit the hound.
The hound is moderately wounded.
The hound bites you. The hound bites you but does no damage.
You miss the hound.
The hound is moderately wounded.
The hound bites you but does no damage.
You hit the hound.
The hound is moderately wounded.
You block the hound's attack. The hound barely misses you.
You hit the hound.
The hound is heavily wounded.
The hound bites you. x2
You hit the hound.
The hound is heavily wounded.
You block the hound's attack.
The orc priest calls down the wrath of Beogh upon you.
Beogh smites you!
* * * LOW HITPOINT WARNING * * *
Unknown command.
It was a potion of mutation.
You feel extremely strange.
You feel weaker.
You feel agile. The hound closely misses you. The hound bites you.
You die...

.................................
......#####..#.####.#..#.#.##....
##'#### #.............#.#.##.###
##.# #......................#
##.# #.#.#.####.#.#..#.#.####
##.## #.#...####.#.#..#.#.####
....# #.#....o##.#....(.......
#..#######.#...#h##...........###
#.......##.#..)#@##.......##..###
##............>#.##.###..........
##.#.#####.#.###.....)....##..###
##.....# #.#.# ####.###..###..#
##.###.###.#.######...........#
#........................####.#
##.#######.####.###.###..# #.#
##..............# #.# #..# #.#
##.#######.####.# #.###..# #.#


You could see a hound and an orc priest.

Vanquished Creatures
  An ogre (D:4)
  3 hounds (D:4)
  2 worker ants (D:4)
  2 adders
  2 worms
  7 dart slugs
  A leopard gecko (D:2)
  5 orcs (D:4)
  7 bats
  7 goblins
  9 hobgoblins
  2 jackals (D:3)
  2 ball pythons
  5 frilled lizards
  10 kobolds
  8 rats
73 creatures vanquished.

Notes
Turn   | Place    | Note
-------+----------+-------------------------------------------
     0 | D:1      | Murumi the Ogre Fighter began the quest for the Orb.
     0 | D:1      | Reached XP level 1. HP: 24/24 MP: 1/1
   151 | D:1      | Reached XP level 2. HP: 31/32 MP: 2/2
   572 | D:1      | Reached skill level 1 in Stealth
   578 | D:1      | Reached XP level 3. HP: 24/39 MP: 3/3
  1572 | D:2      | Found a shadowy altar of Dithmenos.
  1894 | D:2      | Reached XP level 4. HP: 45/48 MP: 4/4
  1973 | D:2      | Found a white marble altar of Elyvilon.
  1976 | D:2      | Found a blossoming altar of Fedhas.
  3122 | D:4      | Noticed an ogre
  3145 | D:4      | Killed an ogre
  3146 | D:4      | Reached XP level 5. HP: 34/54 MP: 5/5
  3289 | D:4      | Found a transporter.
  3474 | D:4      | Reached XP level 6. HP: 37/62 MP: 6/6
  4188 | D:4      | Found a transporter.
  4188 | D:4      | Found a one-way gate to the infinite horrors of the Abyss.
  4190 | D:4      | Noticed Soborki's ghost (amateur MiBe)
  4565 | D:4      | Noticed a toenail golem
  4612 | D:5      | Entered Level 5 of the Dungeon
  4671 | D:4      | Gained mutation: You are weak. (Str -2) [potion of
                  | mutation]
  4671 | D:4      | Gained mutation: You are agile. (Dex +2) [potion of
                  | mutation]
  4671 | D:4      | Slain by a hound

Illustrated notes

Levels and vault maps discovered:
D:1:      heliophobic_arrival_ceremonial_halls, layout_rooms, minmay_distorted
D:2:      layout_rooms, nicolae_overflow_hidden_temple
D:3:      layout_loops_ring, minmay_misc_feat_chi, fountainhead
D:4:      layout_basic, gammafunk_ghost_abyssal_escape,
          minmay_goblin_kobold_house
D:5:      layout_gridville

Skill      XL: |  1  2  3  4  5  6 |
---------------+-------------------+-----
Maces & Flails | 2 4 |  4.0
Shields        | 3 |  3.8
Dodging        | 3 |  3.0
Stealth        | 1 2 3 |  3.0
Fighting       | |  4.0

Action                   |  1- 3 |  4- 6 || total
-------------------------+-------+-------++-------
Melee: Flail             |    33 |       ||    33
       Whip              |   148 |   173 ||   321
Throw: Stone             |    69 |    81 ||   150
       Dart              |       |     1 ||     1
  Use: Scroll            |     4 |     4 ||     8
       Potion            |       |     1 ||     1
 Stab: Sleeping          |     1 |     2 ||     3
Armor: Robe              |    60 |    36 ||    96
Dodge: Dodged            |    68 |    46 ||   114
Block: Kite shield       |    87 |    81 ||   168

Table legend: (Time is in decaauts)
 A = Elapsed time spent in this place.
 B = Non-inter-level travel time spent in this place.
 C = Inter-level travel time spent in this place.
 D = Time resting spent in this place.
 E = Time spent auto-exploring this place.
 F = Levels seen in this place.
 G = Mean time per level.
                   A        B        C        D        E       F      G
               +--------+--------+--------+--------+--------+-----+--------+
         Total |   4789 |   4500 |    289 |     59 |   3571 |   5 |  957.8 |
       Dungeon |   4789 |   4500 |    289 |     59 |   3571 |   5 |  957.8 |
               +--------+--------+--------+--------+--------+-----+--------+

Top non-repeatable levels by time:
     D:4: 1710 daAuts
     D:1: 1477 daAuts
     D:3: 927 daAuts
     D:2: 669 daAuts
     D:5: 4 daAuts
